 Dungeon Crawl Stone Soup version 0.18.1-48-g4cf74bf (webtiles) character file.

10305 mopl the Covert (level 11, -2/58 HPs)
             Began as a Vine Stalker Wanderer on Aug 29, 2016.
             Was a High Priest of Pakellas.
             Killed by Ozocubu's Refrigeration
             ... invoked by Fannar
              (13 damage)
             ... on level 10 of the Dungeon.
             The game lasted 00:24:17 (8885 turns).

mopl the Covert (Vine Stalker Wanderer)             Turns: 8885, Time: 00:24:17

Health: -2/58      AC: 13    Str: 15    XL:     11   Next: 60%
Magic:  0/19       EV: 10    Int: 11    God:    Pakellas [*****.]
Gold:   529        SH:  0    Dex: 18    Spells: 0 memorised, 16 levels left

rFire  . . .     SeeInvis .     a - +2 short sword (venom)
rCold  . . .     Gourm    .     S - +0 pearl dragon armour
rNeg   + . .     Faith    .     (no shield)
rPois  .         Spirit   +     r - +0 helmet
rElec  .         Dismiss  .     (no cloak)
rCorr  .         Reflect  .     m - +1 pair of gloves
SustAt .         Harm     .     (no boots)
MR     ++...                    l - amulet of regeneration
Stlth  +++.......               T - ring of protection from magic {=R}
                                w - +2 ring of evasion

@: very resistant to hostile enchantments, fairly stealthy
A: fangs 3, regeneration 2, magic shield, antimagic bite, no device heal 3, rot
immunity
a: Quick Charge, Device Surge, Renounce Religion


You were on level 10 of the Dungeon.
You worshipped Pakellas.
Pakellas was extremely pleased with you.
You were not hungry.

You visited 2 branches of the dungeon, and saw 11 of its levels.
You also visited: Ossuary.

You collected 529 gold pieces.

Inventory:

Hand Weapons
 a - a +2 short sword of venom (weapon)
Missiles
 C - 5 tomahawks (quivered)
 V - 8 poisoned tomahawks
 W - 2 throwing nets
Armour
 m - a +1 pair of gloves (worn)
 r - a +0 helmet (worn)
 M - a +2 leather armour of fire resistance
 S - a +0 pearl dragon armour (worn)
Rods
 Z - a -1 lightning rod (9/9)
   (Pakellas gifted it to you on level 10 of the Dungeon)
Jewellery
 e - a +4 ring of dexterity
 l - an amulet of regeneration (around neck)
 w - a +2 ring of evasion (left hand)
 x - an uncursed ring of flight
 E - an uncursed ring of see invisible
 T - a ring of protection from magic (right hand) {=R}
Wands
 c - a wand of disintegration (14/24)
 u - a wand of disintegration (12/24)
 v - a wand of teleportation (5/9)
 J - a wand of enslavement (15/24)
 N - a wand of paralysis (16/24)
Scrolls
 g - 4 scrolls of teleportation
 k - 2 scrolls of fog
 y - 2 scrolls of blinking
 L - 3 scrolls of remove curse
Potions
 b - a potion of degeneration {unknown}
 j - a potion of magic
 p - 3 potions of agility
 s - 3 potions of might
 t - a potion of ambrosia {unknown}
 z - 6 potions of curing
 A - a potion of berserk rage {unknown}
 B - 4 potions of flight {unknown}
 D - 3 potions of heal wounds {unknown}
 F - 2 potions of cancellation
 H - a potion of lignification {unknown}
 I - 4 potions of haste
Books
 R - an Akashic Record

   Spells                             Type                      Level
   a - Dispersal                      Translocation                6
   b - Malign Gateway                 Summoning/Translocation      7
   c - Disjunction                    Translocation                8
   d - Controlled Blink               Translocation                8
Miscellaneous
 n - a fan of gales
 o - a phial of floods
 P - a phantom mirror
Comestibles
 f - 7 bread rations
 Y - 2 fruits


   Skills:
 + Level 6.8 Fighting
 + Level 6.7 Short Blades
 - Level 6.2 Throwing
 + Level 9.8 Stealth
 - Level 3.2 Spellcasting
   Level 1.0 Hexes
   Level 1.0 Air Magic
   Level 3.0 Earth Magic
 * Level 9.6 Evocations


You had 16 spell levels left.
You didn't know any spells.

Dungeon Overview and Level Annotations

Branches:
Dungeon (10/15)            Temple (0/1) D:6            Lair (1/8) D:8
    Orc (0/2) D:9

Altars:
Cheibriados
Dithmenos
Elyvilon
Fedhas
Pakellas
Sif Muna
Trog
Xom
Yredelemnul
Beogh

Annotations:
D:10 Fannar


Innate Abilities, Weirdness & Mutations

You have razor-sharp teeth.
You heal very quickly.
When hurt, damage is shared between your health and your magic reserves.
Your bite disrupts and absorbs the magic of your enemies.
Potions and wands cannot restore your health.
You are immune to rotting.


Message History

The bolt of cold hits the ice beast.
The ice beast completely resists.
The bolt of cold hits you!
Fannar casts a spell.
Fannar drains the heat from the surrounding environment!
You feel very cold.
Fannar is frozen.
Fannar resists.
Fannar is lightly wounded.
Fannar mumbles some strange words.
Fannar drains the heat from the surrounding environment!
You feel very cold.
* * * LOW HITPOINT WARNING * * *
Fannar is frozen.
Fannar resists.
Fannar is moderately wounded.
You see here a scale mail.
The ice beast barely misses you.
Fannar mumbles some strange words.
Fannar casts a spell.
Fannar drains the heat from the surrounding environment!
You feel very cold.
You die...
Pakellas says: That's one more possible approach eliminated.

....# #.###.....
....## #.# ###..(
..#..# ##.# ####
..##.## #.## ..###.##
#.# ..# #..# ##.# ..#
##.## #<.# .## ##.##
#########.##
#..#####Y.@.......
##.eY..[..........[
##.###########.......
##..# #####.###
#..#### .# ##.[...###
#. ###........#
##..........#
#...........#


You could see Fannar and 2 ice beasts.

Vanquished Creatures
  A hill giant (D:9)
  2 unseen horrors (D:10)
  Pikel (D:8)
  Joseph (D:7)
  A spiny frog (Lair:1)
  A komodo dragon (shapeshifter) (D:9)
  Prince Ribbit (D:5)
  A two-headed ogre (D:9)
  5 orc warriors
  2 wyverns (D:9)
  Eustachio (D:4)
  A human (D:4)
  10 yaks
  A hungry ghost (D:9)
  3 hippogriffs
  Duvessa (D:5)
  3 sky beasts
  2 black bears
  2 phantoms
  3 ice beasts
  3 ogres
  2 centaurs (D:9)
  A crocodile (Lair:1)
  4 giant frogs
  4 water moccasin zombies (Ossuary)
  Dowan (D:5)
  4 scorpions
  6 killer bees
  3 electric eels (D:8)
  4 howler monkeys
  A giant frog zombie (D:9)
  A crimson imp (D:6)
  A centaur skeleton (D:4)
  A giant frog skeleton (D:7)
  A gnoll shaman (D:4)
  4 hounds
  3 jellies
  7 orc wizards
  4 orc priests
  An iron imp (D:8)
  7 worker ants
  A killer bee zombie (D:6)
  2 big kobold zombies (Ossuary)
  2 hound zombies
  2 mummies (Ossuary)
  10 gnolls
  8 adders
  A howler monkey skeleton (D:4)
  A shadow imp (D:10)
  An ooze (D:3)
  An adder skeleton (D:8)
  10 adder zombies (Ossuary)
  3 worms (D:3)
  3 dart slugs
  3 giant geckos
  34 orcs
  7 bats
  2 giant cockroaches
  7 hobgoblins
  5 jackals
  4 quokkas
  2 giant newts
  2 gnoll zombies (Ossuary)
  10 goblins
  A goblin skeleton (D:4)
  7 hobgoblin zombies (Ossuary)
  3 jackal skeletons (D:4)
  A jackal zombie (D:9)
  4 kobolds (D:1)
  A kobold skeleton (D:4)
  3 kobold zombies (Ossuary)
  4 orc zombies (Ossuary)
  6 rats
257 creatures vanquished.

Vanquished Creatures (others)
  A slave (D:8)
  A phantom (D:8)
  2 orc wizards (D:8)
  2 orcs (D:8)
6 creatures vanquished.

Grand Total: 263 creatures vanquished

Notes
Turn   | Place    | Note
--------------------------------------------------------------
     0 | D:1      | mopl the Vine Stalker Wanderer began the quest for the Orb.
     0 | D:1      | mopl set off with: a book of Geomancy, the Almanac of the Arsonist, the Collected Works on Transmutation, a +0 robe, a +0 club, a bread ration
     0 | D:1      | Reached XP level 1. HP: 9/9 MP: 5/5
     0 | D:1      | Identified the Almanac of the Arsonist
     0 | D:1      | Identified the Collected Works on Transmutation
   158 | D:1      | Reached skill level 1 in Stealth
   158 | D:1      | Reached XP level 2. HP: 7/14 MP: 5/7
   750 | D:1      | Reached skill level 1 in Fighting
   815 | D:2      | Found a white marble altar of Elyvilon.
   828 | D:2      | Reached XP level 3. HP: 16/18 MP: 6/8
   940 | D:2      | Found a shimmering altar of Xom.
  1011 | D:2      | Reached skill level 2 in Stealth
  1029 | D:2      | Reached XP level 4. HP: 22/22 MP: 9/9
  1057 | D:2      | Reached skill level 1 in Short Blades
  1563 | D:2      | Reached skill level 2 in Throwing
  1901 | D:3      | Reached skill level 2 in Evocations
  1901 | D:3      | Reached XP level 5. HP: 25/25 MP: 10/10
  2493 | D:4      | Found a runed door.
  2494 | D:4      | Noticed a human
  2503 | D:4      | Noticed a phantom
  2508 | D:4      | Found a basalt altar of Yredelemnul.
  2650 | D:4      | Killed a human
  2650 | D:4      | Reached skill level 2 in Fighting
  2650 | D:4      | Reached skill level 2 in Short Blades
  2650 | D:4      | Reached skill level 3 in Stealth
  2650 | D:4      | Gained mutation: You heal very quickly. [Vine Stalker growth]
  2650 | D:4      | Reached XP level 6. HP: 25/30 MP: 11/11
  2739 | D:4      | Killed a phantom
  2739 | D:4      | Reached skill level 3 in Evocations
  2830 | D:4      | Found an oddly glowing altar of Pakellas.
  2831 | D:4      | Noticed Eustachio
  2844 | D:4      | Became a worshipper of Pakellas the Inventive
  2881 | D:4      | Reached XP level 7. HP: 35/35 MP: 12/12
  2948 | D:4      | Killed Eustachio
  2948 | D:4      | Reached skill level 3 in Throwing
  2948 | D:4      | Reached skill level 4 in Stealth
  3119 | D:4      | Found a blossoming altar of Fedhas.
  3394 | D:4      | Reached skill level 3 in Fighting
  3421 | D:4      | Reached skill level 4 in Evocations
  3572 | D:4      | Found a bloodstained altar of Trog.
  3620 | D:4      | Reached skill level 3 in Short Blades
  3620 | D:4      | Gained mutation: You have razor-sharp teeth. [Vine Stalker growth]
  3620 | D:4      | Reached XP level 8. HP: 19/40 MP: 13/13
  3724 | D:4      | Found a shadowy altar of Dithmenos.
  3893 | D:5      | Entered Level 5 of the Dungeon
  3901 | D:5      | Reached * piety under Pakellas
  3901 | D:5      | Received a gift from Pakellas
  3958 | D:5      | Noticed Dowan
  3959 | D:5      | Noticed Duvessa
  3998 | D:5      | Killed Duvessa
  4124 | D:5      | Killed Dowan
  4145 | D:5      | Noticed Prince Ribbit
  4149 | D:5      | Killed Prince Ribbit
  4149 | D:5      | Reached skill level 5 in Stealth
  4165 | D:5      | Reached skill level 5 in Evocations
  4185 | D:5      | Reached skill level 4 in Throwing
  4599 | D:5      | Got a fine mace
  4853 | D:6      | Reached XP level 9. HP: 44/45 MP: 14/14
  4877 | D:6      | Reached skill level 6 in Stealth
  4913 | D:6      | Reached skill level 4 in Fighting
  5100 | D:6      | Found a staircase to the Ecumenical Temple.
  5172 | D:6      | Reached skill level 4 in Short Blades
  5226 | D:7      | Noticed Joseph
  5239 | D:7      | Killed Joseph
  5239 | D:7      | Reached skill level 6 in Evocations
  5378 | D:7      | Reached skill level 5 in Throwing
  5503 | D:7      | Reached skill level 7 in Stealth
  5548 | D:7      | Found a sand-covered staircase.
  5557 | Ossuary  | Entered an ossuary
  5562 | Ossuary  | Reached ** piety under Pakellas
  5562 | Ossuary  | Received a gift from Pakellas
  5766 | Ossuary  | Reached *** piety under Pakellas
  5766 | Ossuary  | Received a gift from Pakellas
  6063 | D:8      | Reached skill level 5 in Fighting
  6063 | D:8      | Reached XP level 10. HP: 43/51 MP: 13/16
  6078 | D:8      | Reached skill level 7 in Evocations
  6168 | D:8      | Noticed Pikel
  6217 | D:8      | Killed Pikel
  6217 | D:8      | Reached skill level 5 in Short Blades
  6412 | D:8      | Found a deep blue altar of Sif Muna.
  6553 | D:8      | Found a staircase to the Lair.
  6674 | D:8      | Found a snail-covered altar of Cheibriados.
  6775 | Lair:1   | Entered Level 1 of the Lair of Beasts
  6775 | Lair:1   | Noticed a spiny frog
  6780 | Lair:1   | Killed a spiny frog
  6842 | Lair:1   | Reached skill level 8 in Stealth
  6942 | D:8      | Reached skill level 6 in Throwing
  6966 | D:8      | Reached skill level 8 in Evocations
  7328 | D:9      | Reached **** piety under Pakellas
  7328 | D:9      | Received a gift from Pakellas
  7331 | D:9      | Reached skill level 6 in Fighting
  7340 | D:9      | Found a roughly hewn altar of Beogh.
  7340 | D:9      | Found a staircase to the Orcish Mines.
  7464 | D:9      | Reached XP level 11. HP: 39/56 MP: 18/18
  7498 | D:9      | Reached skill level 6 in Short Blades
  7636 | D:9      | Noticed a hill giant
  7674 | D:9      | Killed a hill giant
  7674 | D:9      | Reached skill level 9 in Stealth
  7938 | D:9      | Reached skill level 9 in Evocations
  8373 | D:10     | Entered Level 10 of the Dungeon
  8416 | D:10     | Noticed an unseen horror
  8441 | D:10     | Killed an unseen horror
  8584 | D:10     | Noticed an unseen horror
  8589 | D:10     | Killed an unseen horror
  8608 | D:10     | Reached ***** piety under Pakellas
  8608 | D:10     | Received a gift from Pakellas
  8854 | D:10     | Noticed Fannar
  8885 | D:10     | Killed from afar by Fannar

Skill      XL: |  1  2  3  4  5  6  7  8  9 10 11 |
---------------+----------------------------------+-----
Stealth        | 1 2 3 4 5 7 8 9 |  9.8
Fighting       | 1 2 3 5 6 |  6.8
Short Blades   | 1 2 3 4 5 6 |  6.7
Throwing       | 2 3 4 5 6 |  6.2
Evocations     | 2 3 4 5 6 8 9 |  9.6
Spellcasting   | |  3.2
Hexes          | |  1.0
Air Magic      | |  1.0
Earth Magic    | |  3.0

Action                   |  1- 3 |  4- 6 |  7- 9 | 10-12 || total
-------------------------+-------+-------+-------+-------++-------
Melee: Club              |    42 |       |       |       ||    42
       Bite              |    24 |   111 |   253 |   246 ||   634
       Short sword       |    63 |   288 |   172 |   118 ||   641
       Rapier            |       |       |   400 |   420 ||   820
Invok: Quick Charge      |       |       |     2 |     4 ||     6
       Device Surge      |       |       |       |     1 ||     1
Evoke: Wand              |       |       |     4 |    19 ||    23
  Use: Scroll            |       |     4 |     6 |     2 ||    12
       Potion            |       |       |     1 |       ||     1
 Stab: Sleeping          |     2 |     4 |    13 |     3 ||    22
       Paralysed         |       |       |     2 |    13 ||    15
       Distracted        |       |       |       |     2 ||     2
  Eat: Chunk             |       |     7 |    11 |    11 ||    29
Armor: Robe              |     4 |       |       |       ||     4
       Ring mail         |    34 |   122 |   182 |       ||   338
       Leather armour    |       |       |    99 |       ||    99
       Pearl dragon armo |       |       |       |   314 ||   314
Dodge: Dodged            |    79 |   136 |   258 |   218 ||   691
